 Dungeon Crawl Stone Soup version 0.31-a0-361-g0f8bd3a31e (webtiles) character file.

Game seed: 18348948833891843501

103952 AdnanSaban the Warrior (level 16, -1/112 HPs)
             Began as a Gargoyle Fighter on July 27, 2023.
             Was the Champion of Okawaru.
             Slain by an eight-headed hydra (3 damage)
             ... on level 3 of the Swamp.
             The game lasted 00:55:21 (31388 turns).

AdnanSaban the Warrior (Gargoyle Fighter)          Turns: 31388, Time: 00:55:22

Health: -1/112     AC: 34    Str: 27    XL:     16   Next: 37%
Magic:  23/23      EV: 12    Int: 10    God:    Okawaru [******]
Gold:   3059       SH: 14    Dex:  9    Spells: 15/15 levels left

rFire   . . .        J - +1 demon whip (venom)
rCold   + + .        Y - +2 kite shield {rC+}
rNeg    + . .        W - +0 acid dragon scales
rPois   ∞            m - +2 helmet
rElec   +            Z - +2 cloak {rC+}
rCorr   +            y - +0 pair of gloves
SInv    .            (no boots)
Will    ++...        j - amulet of regeneration
Stlth   +            F - ring of willpower
HPRegen 1.18/turn    L - +4 ring of protection
MPRegen 0.18/turn

%: no passive effects
@: flying, studying 2 skills
A: sickness immunity, AC +12, big wings, negative energy resistance 1,
electricity resistance, torment resistance 1, petrification resistance
a: Renounce Religion, Heroism, Finesse, Duel


You were on level 3 of the Swamp.
You worshipped Okawaru.
Okawaru was exalted by your worship.
You visited 5 branches of the dungeon, and saw 24 of its levels.
You also visited: Ice Cave.

You collected 3059 gold pieces.

Inventory:

Hand Weapons
 J - a +1 demon whip of venom (weapon)
 V - the +11 mace "Aubergine" {heavy, Str+5}
   (You found it on level 3 of the Lair of Beasts)

   Str:       It affects your strength (+5).
Missiles
 g - 9 poisoned darts
 n - 5 curare-tipped darts
 z - a datura-tipped dart
 M - 10 javelins
 N - 3 atropa-tipped darts
 O - a silver javelin
 U - 9 boomerangs (quivered)
Armour
 m - a +2 helmet (worn)
 y - a +0 pair of gloves (worn)
 Q - a +0 plate armour
 W - +0 acid dragon scales (worn)
 Y - a +2 kite shield of cold resistance (worn)
 Z - a +2 cloak of cold resistance (worn)
Jewellery
 j - an amulet of regeneration (around neck)
 F - a ring of willpower (left hand)
 L - a +4 ring of protection (right hand)
Wands
 c - a wand of flame (59)
 q - a wand of mindburst (8)
 u - a wand of polymorph (31)
 D - a wand of digging (9)
 H - a wand of light (9)
 K - a wand of iceblast (11)
 R - a wand of paralysis (8)
Scrolls
 e - 24 scrolls of identify {unknown}
 f - 3 scrolls of fog {unknown}
 h - 2 scrolls of acquirement {unknown}
 k - 3 scrolls of fear {unknown}
 l - 4 scrolls of amnesia {unknown}
 p - 8 scrolls of noise {unknown}
 s - 2 scrolls of immolation {unknown}
 v - 4 scrolls of enchant weapon {unknown}
 x - 5 scrolls of enchant armour {unknown}
 A - a scroll of brand weapon {unknown}
 B - 4 scrolls of poison {unknown}
 C - 3 scrolls of blinking {unknown}
 E - a scroll of summoning {unknown}
 I - 2 scrolls of torment {unknown}
 S - 4 scrolls of revelation {unknown}
Potions
 a - a potion of resistance {unknown}
 b - 3 potions of lignification {unknown}
 d - 4 potions of might
 i - 9 potions of curing {unknown}
 o - 2 potions of haste {unknown}
 r - 3 potions of heal wounds {unknown}
 t - 2 potions of brilliance {unknown}
 w - 4 potions of attraction
 G - a potion of mutation {unknown}
 P - 2 potions of degeneration {unknown}
 T - a potion of invisibility {unknown}
 X - 2 potions of enlightenment {unknown}


   Skills:
 * Level 16.8 Fighting
 + Level 14.4 Maces & Flails
 + Level 7.7 Throwing
 + Level 12.4 Armour
 + Level 5.6 Dodging
 + Level 15.1 Shields
 * Level 9.5 Invocations


You had 15 spell levels left.
You didn't know any spells.
Your spell library contained the following spells:

 Spells                   Type           Power      Damage    Failure   Level
 Slow                     Hex            0%         N/A       54%         1
 Blink                    Tloc           0%         N/A       67%         2
 Scorch                   Fire           0%         2d5       67%         2
 Static Discharge         Conj/Air       0%         2-2/arc   67%         2
 Confusing Touch          Hex            0%         N/A       88%         3
 Ignite Poison            Fire/Tmut/Pois 0%         N/A       88%         3
 Inner Flame              Hex/Fire       0%         N/A       88%         3
 Ozocubu's Armour         Ice            0%         N/A       88%         3
 Vampiric Draining        Necr           0%         2d6       88%         3
 Airstrike                Air            0%         2d(0-16)  99%         4
 Flame Wave               Conj/Fire      0%         2d4       99%         4
 Manifold Assault         Tloc           0%         N/A       99%         4
 Olgreb's Toxic Radiance  Pois           0%         N/A       99%         4
 Sticky Flame             Conj/Fire      0%         2d3       99%         4
 Freezing Cloud           Conj/Ice/Air   0%         6-21      100%        5
 Metabolic Englaciation   Hex/Ice        0%         N/A       100%        5
 Discord                  Hex            0%         N/A       100%        8
 Ignition                 Fire           0%         3d3       100%        8
 Cigotuvi's Dreadful Rot  Necr/Pois/Air  Unusable   N/A       N/A         2
 Summon Lightning Spire   Summ/Air       Unusable   N/A       N/A         4
 Simulacrum               Ice/Necr       Unusable   N/A       N/A         6
 Summon Cactus Giant      Summ           Unusable   N/A       N/A         6

Dungeon Overview and Level Annotations

Branches:
Dungeon (12/15)            Temple (1/1) D:5            Lair (5/5) D:8
  Swamp (4/4) Lair:3       Spider (0/4) Lair:3        Slime (0/5) Lair:4
    Orc (2/2) D:11            Elf (0/3) Orc:2         IceCv (visited)

Altars:
Ashenzari
Cheibriados
Dithmenos
Elyvilon
Fedhas
Gozag
Hepliaklqana
Kikubaaqudgha
Makhleb
Nemelex Xobeh
Okawaru
Qazlal
Ru
Sif Muna
Trog
Uskayaw
Vehumet
Wu Jian
Xom
Yredelemnul
Zin
The Shining One

Shops:
D:1 [   D:2 !=   D:7 *   D:8 *   Orc:2 *:([

Annotations:
D:7 1 runed translucent door, Grim's ghost, novice DECj


Innate Abilities, Weirdness & Mutations

You are immune to sickness and miasma.
Your stone body is resilient. (AC +12)
You are immune to poison.
Your large and strong wings let you fly.
You resist negative energy. (rN+)
You are resistant to electric shocks. (rElec)
You are resistant to unholy torment.
You are immune to petrification.


Message History

The eight-headed hydra attacks as you move away!
The eight-headed hydra bites you but does no damage. x5
The eight-headed hydra misses you.
You block the eight-headed hydra's attack.
The eight-headed hydra barely misses you.
The eight-headed hydra bites you.
* * * LOW HITPOINT WARNING * * *
The eight-headed hydra bites you but does no damage. x2
You block the eight-headed hydra's attack. x3
The eight-headed hydra bites you but does no damage.
The eight-headed hydra misses you.
The eight-headed hydra attacks as you move away!
The eight-headed hydra bites you but does no damage. x2
The eight-headed hydra bites you!
* * * LOW HITPOINT WARNING * * *
You block the eight-headed hydra's attack.
The eight-headed hydra barely misses you.
The eight-headed hydra closely misses you.
The eight-headed hydra bites you but does no damage. x2
The eight-headed hydra bites you.
* * * LOW HITPOINT WARNING * * *
You block the eight-headed hydra's attack.
The eight-headed hydra misses you.
You block the eight-headed hydra's attack.
The eight-headed hydra bites you but does no damage. x3
The eight-headed hydra bites you.
* * * LOW HITPOINT WARNING * * *
The alligator bites you but does no damage.
The alligator misses you. The alligator attacks as you move away!
You block the alligator's attack. x2
The eight-headed hydra attacks as you move away!
The eight-headed hydra bites you but does no damage. x3
The eight-headed hydra barely misses you.
You block the eight-headed hydra's attack.
The eight-headed hydra bites you!
* * * LOW HITPOINT WARNING * * *
The eight-headed hydra bites you!
* * * LOW HITPOINT WARNING * * *
The eight-headed hydra bites you.
You die...

♣.≈.<..≈....~~♣♣♣♣.♣
♣. ♣♣.....≈...~♣♣♣
♣..♣ ♣♣ ♣♣...~♣..~♣♣
♣.♣♣♣♣. ♣♣♣♣.♣♣~§♣
♣♣>♣♣♣~. ♣.♣...♣
♣..♣♣~~~ ♣♣♣♣~~~.♣♣
♣♣††♣♣~~~ ♣♣~♣♣§~~~♣
♣♣..~.~.~~ ♣.~.♣~~~~♣
♣♣...~~~..~
♣♣~.~@~.♣♣♣♣~~^.~§~~~~
♣♣.tD~♣♣♣♣..~~...~~~~
♣♣~y♣♣♣♣...^.~.~~~~.
♣.~.♣♣~~~~.~♣~.~♣~♣.
♣♣.~~.~y~~.§~~....~.
♣♣.~.~~§~~~.~~~.§..~.
♣...♣~~..♣~.~~..§~..~
♣~~♣♣♣~~.~....~~~~~.~
♣♣~♣ ♣.♣~~~~.~~~~...~


You could see an alligator (swift), an eight-headed hydra and a vampire
mosquito.

Vanquished Creatures
  A tentacled monstrosity (Lair:4)
  A fenstrider witch (Swamp:1)
  A reaper (IceCv)
  2 orc warlords
  4 eleionomae
  3 bunyips
  Harold (D:8)
  5 entropy weavers (D:11)
  9 hydras
  4 catoblepae
  3 ghost crabs
  7 alligators
  A centaur warrior (D:11)
  3 boulder beetles
  6 two-headed ogres
  11 death yaks
  Urug (Orc:1)
  An orc high priest (Orc:1)
  5 skeletal warriors
  Amaemon (D:10)
  5 fire crabs (D:11)
  2 goliath frogs
  A spriggan druid (Swamp:1)
  2 skysharks (Lair:5)
  4 bog bodies
  2 swamp dragons
  3 orc knights
  An ugly thing (D:12)
  A lindwurm (Lair:3)
  4 will-o-the-wisps
  2 manticores (Lair:5)
  7 orc sorcerers
  2 cyclopes
  13 elephants
  4 black mambas
  An apocalypse crab (D:11)
  2 gargoyles
  An ice statue (IceCv)
  14 komodo dragons
  An orange demon (D:11)
  A rime drake (Lair:1)
  9 cane toads
  2 trolls
  An anaconda simulacrum (IceCv)
  6 tyrant leeches
  7 hornets
  5 blink frogs
  Grinder (D:3)
  4 slime creatures
  A wraith (D:12)
  A dire elephant simulacrum (IceCv)
  2 shadows (D:10)
  2 wyverns
  A culicivora (Lair:3)
  5 spriggans
  60 yaks
  6 basilisks
  A steam dragon (Lair:2)
  3 death yak simulacra (Lair:3)
  7 vampire mosquitoes
  4 wargs
  6 swamp worms
  4 acid dragons
  2 harpy simulacra (IceCv)
  11 water moccasins
  4 sky beasts
  32 orc warriors
  An ice beast (D:8)
  A swamp drake (Swamp:3)
  4 black bears
  8 centaurs
  6 ogres
  3 phantoms
  A kobold brigand (D:9)
  13 bullfrogs
  3 cane toad simulacra (IceCv)
  A scorpion (D:5)
  5 two-headed ogre simulacra (IceCv)
  3 wights (D:6)
  3 elephant simulacra (IceCv)
  8 howler monkeys
  A centaur zombie (D:8)
  5 gnoll boudas
  12 hounds
  2 jellies
  18 orc priests
  A sleepcap (D:5)
  Jessica (D:2)
  25 orc wizards
  6 iguanas
  Natasha (twice) (D:3)
  4 polar bear simulacra
  6 troll simulacra (IceCv)
  3 wolf simulacra (IceCv)
  4 spriggan simulacra (IceCv)
  Robin (D:2)
  A howler monkey zombie (D:8)
  13 gnolls
  7 adders
  7 naga simulacra (IceCv)
  2 shadow imps
  10 white imps
  10 ufetubi
  3 worms
  2 dart slugs
  67 orcs
  9 ball pythons
  5 endoplasms
  2 giant cockroaches (D:2)
  18 goblins
  10 hobgoblins
  3 jackals (D:4)
  8 kobolds
  5 quokkas
  8 bats
  4 frilled lizards
  2 rats
677 creatures vanquished.

Vanquished Creatures (others)
  2 bloated husks
  An orc wizard (D:9)
  An orc (Orc:2)
  28 foxfires
32 creatures vanquished.

Grand Total: 709 creatures vanquished

Notes
Turn   | Place    | Note
-------+----------+-------------------------------------------
     0 | D:1      | AdnanSaban the Gargoyle Fighter began the quest for the
                  | Orb.
     0 | D:1      | Reached XP level 1. HP: 14/14 MP: 1/1
   103 | D:1      | Reached XP level 2. HP: 19/19 MP: 2/2
   175 | D:1      | Found Zebumn's Antique Armour Shoppe.
   423 | D:1      | Found a faded altar of an unknown god.
   745 | D:2      | Found Muag's Distillery.
   750 | D:2      | Reached XP level 3. HP: 24/24 MP: 3/3
  1011 | D:2      | Identified the +0 leather armour "Qoliq" {rC+ Str+3 Dex+2}
  1135 | D:2      | Noticed Jessica
  1141 | D:2      | Killed Jessica
  1142 | D:2      | Reached XP level 4. HP: 29/29 MP: 4/4
  1160 | D:2      | Noticed Robin
  1309 | D:2      | Killed Robin
  1401 | D:2      | Found Plog's Jewellery Emporium.
  1612 | D:3      | Reached XP level 5. HP: 31/33 MP: 5/5
  1630 | D:4      | Reached skill level 1 in Dodging
  1719 | D:4      | Reached skill level 4 in Fighting
  1863 | D:3      | Found a glowing golden altar of the Shining One.
  1936 | D:3      | Reached XP level 6. HP: 35/38 MP: 6/6
  2010 | D:3      | Noticed Grinder
  2013 | D:3      | Paralysed by Grinder for 4 turns
  2020 | D:3      | Paralysed by Grinder for 2 turns
  2026 | D:3      | Killed Grinder
  2027 | D:3      | Reached skill level 5 in Maces & Flails
  2196 | D:3      | Noticed Natasha
  2297 | D:3      | Killed Natasha
  2298 | D:3      | Reached XP level 7. HP: 34/44 MP: 7/7
  2356 | D:3      | Reached skill level 1 in Throwing
  2541 | D:3      | Noticed Natasha
  2553 | D:3      | Killed Natasha
  2717 | D:4      | Reached skill level 5 in Armour
  3486 | D:5      | Entered Level 5 of the Dungeon
  3607 | D:5      | Reached XP level 8. HP: 46/48 MP: 8/8
  3882 | D:4      | Reached skill level 5 in Fighting
  4007 | D:5      | Found a staircase to the Ecumenical Temple.
  4013 | Temple   | Entered the Ecumenical Temple
  4022 | Temple   | Became a worshipper of Warmaster Okawaru
  4210 | D:5      | Found a white marble altar of Elyvilon.
  4272 | D:5      | Found an ornate altar of the Wu Jian Council.
  4569 | D:5      | Reached skill level 5 in Shields
  4652 | D:5      | Reached * piety under Okawaru
  4670 | D:5      | Reached XP level 9. HP: 38/54 MP: 9/9
  5515 | D:6      | Found a shimmering blue altar of Sif Muna.
  5587 | D:6      | Reached skill level 6 in Fighting
  5964 | D:6      | Reached ** piety under Okawaru
  6201 | D:7      | Found a stormy altar of Qazlal.
  6297 | D:7      | Found a runed translucent door.
  6304 | D:7      | Noticed Grim's ghost (novice DECj)
  6355 | D:7      | Found Cira's General Store.
  6459 | D:7      | Reached XP level 10. HP: 54/61 MP: 10/10
  6619 | D:7      | Reached skill level 1 in Invocations
  7309 | D:8      | Noticed a two-headed ogre
  7387 | D:8      | Reached skill level 7 in Fighting
  7551 | D:8      | Found a basalt altar of Yredelemnul.
  7673 | D:8      | Found Kiom Tobb's Assorted Antiques.
  7704 | D:8      | Reached *** piety under Okawaru
  7788 | D:8      | HP: 2/63 [komodo dragon (14)]
  8004 | D:8      | Found a snail-covered altar of Cheibriados.
  8073 | D:8      | Found a staircase to the Lair.
  8158 | D:8      | Killed a two-headed ogre
  8159 | D:8      | Reached skill level 10 in Maces & Flails
  8507 | D:9      | Noticed Harold
  8653 | D:8      | Reached **** piety under Okawaru
  9020 | D:8      | Killed Harold
  9021 | D:8      | Reached XP level 11. HP: 54/67 MP: 12/14
  9740 | D:9      | Found a blossoming altar of Fedhas.
  9976 | D:10     | Entered Level 10 of the Dungeon
 10211 | D:10     | Noticed a two-headed ogre
 10224 | D:10     | Killed a two-headed ogre
 10622 | D:10     | Reached ***** piety under Okawaru
 10622 | D:10     | Received a gift from Okawaru
 10623 | D:10     | Reached skill level 5 in Invocations
 10916 | D:10     | Reached skill level 8 in Fighting
 10943 | D:10     | Noticed a two-headed ogre
 10953 | D:10     | Killed a two-headed ogre
 11091 | D:10     | Found a hide-covered altar of Uskayaw.
 11683 | D:11     | Noticed a two-headed ogre
 11691 | D:11     | Noticed a centaur warrior
 11702 | D:11     | Killed a centaur warrior
 11796 | D:11     | Noticed Amaemon
 11827 | D:10     | Killed Amaemon
 11828 | D:10     | Reached skill level 5 in Throwing
 11906 | D:11     | Received a gift from Okawaru
 12077 | D:11     | Noticed a skeletal warrior
 12136 | D:11     | Killed a two-headed ogre
 12349 | D:11     | Found a staircase to the Orcish Mines.
 12353 | D:11     | Noticed a skeletal warrior
 12353 | D:11     | Noticed a skeletal warrior
 12353 | D:11     | Noticed a skeletal warrior
 12416 | D:10     | Killed a skeletal warrior
 12417 | D:10     | Reached skill level 9 in Fighting
 12613 | D:11     | Found a runed translucent door.
 12622 | D:11     | Noticed a fire crab
 12669 | D:11     | Reached XP level 12. HP: 76/76 MP: 15/15
 13109 | D:11     | Noticed a two-headed ogre
 13117 | D:11     | Killed a two-headed ogre
 13242 | D:11     | Received a gift from Okawaru
 13243 | D:11     | Reached skill level 10 in Fighting
 13439 | D:12     | Reached ****** piety under Okawaru
 13973 | D:12     | Noticed a two-headed ogre
 13982 | D:12     | Killed a two-headed ogre
 14316 | Lair:1   | Entered Level 1 of the Lair of Beasts
 14509 | Lair:1   | Reached skill level 11 in Fighting
 14681 | Lair:1   | Received a gift from Okawaru
 14682 | Lair:1   | Reached XP level 13. HP: 84/84 MP: 16/16
 15558 | Lair:2   | Reached skill level 10 in Armour
 15667 | Lair:2   | Reached skill level 12 in Fighting
 15810 | Lair:2   | You fall into a shaft and drop 2 floors!
 15915 | Lair:4   | Found a staircase to the Slime Pits.
 16115 | Lair:3   | Identified the +11 mace "Aubergine" {heavy, Str+5}
 16158 | Lair:3   | Received a gift from Okawaru
 16305 | Lair:3   | Found a frozen archway.
 16353 | IceCv    | Entered an ice cave
 17168 | IceCv    | Noticed a reaper
 17248 | IceCv    | Killed a reaper
 17249 | IceCv    | Reached skill level 13 in Fighting
 17545 | IceCv    | Identified the +4 sling of the Endless Expanse {antimagic,
                  | rCorr Str+3}
 17649 | Lair:3   | Found a staircase to the Swamp.
 17883 | Lair:3   | Reached skill level 10 in Shields
 18261 | Lair:1   | Received a gift from Okawaru
 18535 | Lair:2   | Gained mutation: Your large and strong wings let you fly.
                  | [Gargoyle growth]
 18535 | Lair:2   | Reached XP level 14. HP: 78/94 MP: 16/18
 18959 | Lair:3   | Found a hole to the Spider Nest.
 19637 | Lair:5   | Entered Level 5 of the Lair of Beasts
 20384 | Lair:5   | Reached skill level 14 in Fighting
 20620 | Lair:5   | Received a gift from Okawaru
 21382 | Lair:5   | Reached skill level 5 in Dodging
 21525 | Lair:5   | Received a gift from Okawaru
 21837 | Lair:5   | Reached skill level 15 in Fighting
 22339 | Orc:1    | Entered Level 1 of the Orcish Mines
 22368 | Orc:1    | Noticed an orc warlord
 22383 | D:11     | Reached XP level 15. HP: 70/103 MP: 20/20
 22552 | D:11     | Killed an orc warlord
 23088 | Orc:1    | Received a gift from Okawaru
 23331 | Orc:2    | Entered Level 2 of the Orcish Mines
 23391 | Orc:2    | Found a staircase to the Elven Halls.
 23741 | Orc:2    | Noticed Urug
 24144 | Orc:1    | Killed Urug
 24699 | Orc:2    | Noticed an orc warlord
 24904 | Orc:1    | Killed an orc warlord
 24904 | Orc:1    | Received a gift from Okawaru
 25124 | Orc:2    | Found Qosse's Book Emporium.
 25238 | Orc:2    | Found Soriuk's General Store.
 25282 | Orc:2    | Identified the +7 hand axe of Galio {flame, rC- Will+++
                  | Int+2 Dex+3} (Okawaru gifted it to you on level 2 of the
                  | Orcish Mines)
 25282 | Orc:2    | Received a gift from Okawaru
 25355 | Orc:2    | Found Qiriofur's Antique Weapon Emporium.
 25370 | Orc:2    | Found Verghon's Antique Armour Emporium.
 26392 | D:11     | Paralysed by you for 4 turns
 26686 | Swamp:1  | Entered Level 1 of the Swamp
 27577 | Swamp:1  | Reached skill level 16 in Fighting
 27832 | Swamp:1  | Noticed a tentacled monstrosity
 28061 | Lair:4   | Killed a tentacled monstrosity
 28257 | Lair:3   | Received a gift from Okawaru
 28855 | Swamp:2  | Received a gift from Okawaru
 28975 | Swamp:2  | Reached XP level 16. HP: 85/111 MP: 22/22
 29368 | Swamp:2  | Noticed a fenstrider witch
 29415 | Swamp:1  | Killed a fenstrider witch
 30852 | Swamp:3  | Reached skill level 15 in Shields
 30894 | Swamp:3  | Identified the +0 spear of Midsummer {flame, rElec rN+
                  | Int-2}
 31290 | Swamp:4  | Entered Level 4 of the Swamp
 31309 | Swamp:3  | Received a gift from Okawaru
 31388 | Swamp:3  | HP: 2/112 [eight-headed hydra (7)]
 31388 | Swamp:3  | Slain by an eight-headed hydra

Illustrated notes

Levels and vault maps discovered:
D:1:      lightli_arrival_isolated_outpost, layout_basic, serial_shops,
          nicolae_shop_waterfront, hellmonk_ecumenical_altar_inner_sanctum,
          serial_bayou_crossing
D:2:      layout_rooms, serial_shops, nicolae_shop_waterfront,
          nicolae_shop_back_alley_shop, minmay_3d_cube, uniq_robin, uniq_jessica
D:3:      layout_loops_cross, mainiacjoe_overflow_boulevard, uniq_natasha,
          uniq_grinder
D:4:      layout_loops_ring
D:5:      minmay_razor_zed, layout_loops_ring, mainiacjoe_overflow_big_doors,
          minmay_temple_entry_gardened_gates
D:6:      layout_loops_corners, lemuel_doored_altar, kennysheep_generic_room_12
D:7:      layout_loops_ring, nicolae_qazlal_scattered_showers, serial_shops,
          shop, ebering_ghost_reflecting_pool
D:8:      layout_basic, mainiacjoe_overflow_paths,
          lemuel_zombie_altar_yredelemnul, david_lair_shrubbed, serial_shops,
          nicolae_shop_window_shopping, kennysheep_generic_room_7
D:9:      layout_rooms, mainiacjoe_overflow_cross_hatched, uniq_harold
D:10:     layout_layer_cave, lemuel_coloured_pillars_altar
D:11:     gammafunk_mikee_crab_dinner, layout_loops_ring, orc_0_dummy,
          nicolae_hexahallways, kennysheep_generic_room_8, uniq_amaemon
D:12:     layout_rooms
Temple:   nicolae_temple_bog_church
Lair:1:   layout_cave_pods
Lair:2:   layout_roguey, nzn_sisyphean_effort
Lair:3:   layout_long_grid, swamp_mist_pool, spider_nest_entry_rubble,
          portal_ice_cave_entry_ice_simulacra
Lair:4:   layout_concentric_octagons, slime_entry_1, lemuel_fruit_tree
Lair:5:   evilmike_catoblepas_cave, layout_loops_ring, wad_woods_03,
          grunt_megastairs_4
Swamp:1:  layout_falls_marsh, evilmike_swamp_ruin_house_2
Swamp:2:  layout_basic_swamp, hangedman_swamp_ruin_wall
Swamp:3:  layout_falls_marsh, infiniplex_staircase_pool
Swamp:4:  nzn_swamp_witches_coven, layout_basic_swamp
Orc:1:    layout_caves
Orc:2:    grunt_orc_cross, layout_caves

Skill      XL: |  1  2  3  4  5  6  7  8  9 10 11 12 13 14 15 16 |
---------------+-------------------------------------------------+-----
Maces & Flails | 3 4 5 7 9 10 11 12 13 14 | 14.4
Armour         | 4 5 7 9 10 11 12 | 12.4
Dodging        | 1 2 3 4 5 |  5.6
Fighting       | 4 5 6 7 9 11 13 15 16 | 16.8
Shields        | 4 5 6 7 8 10 12 14 15 | 15.1
Throwing       | 1 2 3 5 6 7 |  7.7
Invocations    | 4 5 7 8 9 |  9.5

Action                     |  1- 3 |  4- 6 |  7- 9 | 10-12 | 13-15 | 16-18 || total
---------------------------+-------+-------+-------+-------+-------+-------++-------
  Melee: Flail             |   136 |   170 |   631 |   312 |       |       ||  1249
         Whip              |       |       |       |   192 |       |       ||   192
         Demon whip        |       |       |       |   396 |  1859 |   343 ||  2598
  Throw: Boomerang         |       |     7 |    35 |   102 |   165 |    30 ||   339
         Dart              |       |       |       |    14 |     5 |       ||    19
 Invoke: Heroism           |       |       |       |     2 |     1 |       ||     3
    Use: Potion            |       |       |       |       |     1 |       ||     1
         Scroll            |       |       |       |       |       |     1 ||     1
   Stab: Petrified         |       |       |       |       |     5 |       ||     5
 Armour: Scale mail        |    77 |    54 |       |       |       |       ||   131
         Chain mail        |       |    23 |   309 |   325 |    69 |       ||   726
         Plate armour      |       |       |       |       |   630 |       ||   630
         Acid dragon scale |       |       |       |       |   108 |   208 ||   316
  Dodge: Dodged            |    69 |   175 |   370 |   456 |   414 |   133 ||  1617
  Block: Buckler           |    31 |    57 |   137 |   163 |    45 |       ||   433
         Kite shield       |       |       |       |       |   749 |   204 ||   953

Table legend: (Time is in decaauts)
 A = Elapsed time spent in this place.
 B = Non-inter-level travel time spent in this place.
 C = Inter-level travel time spent in this place.
 D = Time resting spent in this place.
 E = Time spent auto-exploring this place.
 F = Levels seen in this place.
 G = Mean time per level.
                   A        B        C        D        E       F      G
               +--------+--------+--------+--------+--------+-----+--------+
         Total |  30395 |  28256 |   2139 |   5007 |  16789 |  25 | 1215.8 |
       Dungeon |  15508 |  14291 |   1217 |   2009 |   8804 |  12 | 1292.3 |
        Temple |     17 |      3 |     14 |      0 |      0 |   1 |   17.0 |
          Lair |   7655 |   7022 |    633 |   1417 |   4416 |   5 | 1531.0 |
         Swamp |   3131 |   2942 |    189 |    506 |   1759 |   4 |  782.8 |
  Orcish Mines |   2905 |   2821 |     84 |    769 |   1339 |   2 | 1452.5 |
      Ice Cave |   1175 |   1175 |      0 |    306 |    470 |   1 | 1175.0 |
               +--------+--------+--------+--------+--------+-----+--------+

Top non-repeatable levels by time:
    D:11: 2500 daAuts
     D:8: 2233 daAuts
  Lair:3: 2151 daAuts
    D:10: 2106 daAuts
  Lair:5: 1944 daAuts
   Orc:1: 1638 daAuts
  Lair:1: 1402 daAuts
 Swamp:2: 1358 daAuts
   Orc:2: 1266 daAuts
  Lair:4: 1226 daAuts
     D:5: 1199 daAuts
   IceCv: 1175 daAuts
     D:6: 1149 daAuts
     D:4: 1125 daAuts
     D:7: 1041 daAuts
